 Dungeon Sprint DCSS version 0.28.0 (webtiles) character file.

Game seed: 14361067528331446317

77 rocky1 the Cleaver (level 4, -1/37 HPs)
             Began as a Minotaur Gladiator on Feb 12, 2022.
             Slain by a water elemental (18 damage)
             ... in the Dungeon (Sprint III: "The Ten Rune Challenge").
             The game lasted 00:01:59 (358 turns).

rocky1 the Cleaver (Minotaur Gladiator)              Turns: 358, Time: 00:01:59

Health: -1/37      AC:  3    Str: 20    XL:     4   Next: 14%
Magic:  3/3        EV: 12    Int:  5    God:
Gold:   22         SH:  0    Dex: 14    Spells: 3/3 levels left

rFire   . . .      SeeInvis .   a - +0 war axe
rCold   . . .      Faith    .   (no shield)
rNeg    . . .      Spirit   .   b - +0 leather armour
rPois   .          Reflect  .   c - +0 hat
rElec   .          Harm     .   (no cloak)
rCorr   .          Rampage  .   (no gloves)
Will    .....      NoTele   +   (no boots)
Stlth   +.........              (no amulet)
HPRegen 0.92/turn               (no ring)
MPRegen 0.08/turn               (no ring)

@: engulfed (cannot breathe), hasted, very quick
A: horns 2, retaliatory headbutt, agile 1, regeneration 1
a: no special abilities


You were in the Dungeon.
You visited 1 branch You collected 22 gold pieces.

Inventory:

Hand Weapons
 a - a +0 war axe (weapon)
Missiles
 d - 3 throwing nets (quivered)
Armour
 b - a +0 leather armour (worn)
 c - a +0 hat (worn)
Scrolls
 j - a scroll of blinking
 k - a scroll of vulnerability {unknown}
 l - a scroll of fog {unknown}
 m - 2 scrolls of torment {unknown}
 n - 3 scrolls of identify
Potions
 e - a potion of curing
 f - a potion of heal wounds
 h - 2 potions of magic
 i - 3 potions of mutation
 o - 3 potions of flight


   Skills:
 - Level 2.4 Fighting
 + Level 10.1 Axes
 - Level 2.0 Throwing
 + Level 2.3 Armour
 - Level 3.2 Dodging


You had 3 spell levels left.
You didn't know any spells.
Your spell library was empty.

Dungeon Overview and Level Annotations

Branches:
Dungeon (1/1)

Altars:


Innate Abilities, Weirdness & Mutations

You have a pair of horns on your head.
You reflexively headbutt those who attack you in melee.
You are agile. (Dex +2)
Your natural rate of healing is unusually fast.


Message History

You start resting.
HP restored.
You start waiting.
You start waiting.
Done waiting.
You see here a human skeleton.
You open the door.
Found 22 gold pieces and 2 smoky amethyst potions.
There is an open door here.
You now have 13 gold pieces.
i - a smoky amethyst potion;
m - a scroll labelled ESHUAN GALAPTO
n - 2 scrolls of identify;
i - 2 smoky amethyst potions (gained 1)
o - a potion of flight
i - 3 smoky amethyst potions (gained 1)
m - 2 scrolls labelled ESHUAN GALAPTO (gained 1)
n - 3 scrolls of identify (gained 1);
i - 4 smoky amethyst potions (gained 1)
o - 3 potions of flight (gained 2)
You now have 22 gold pieces (gained 9).
It was a potion of mutation.
You feel extremely strange.
You feel agile.
You begin to heal more quickly.
There is an open door here.
You open the door.
A water elemental comes into view.
You feel yourself speed up.
You hit the water elemental.
The water elemental is moderately damaged.
The water elemental hits you!
The water elemental engulfs you in water!
You hit the water elemental.
The water elemental is moderately damaged.
Your lungs strain for air!
The water elemental hits you.
You slash the water elemental!
The water elemental is severely damaged.
Your lungs strain for air!
You hit the water elemental.
The water elemental is severely damaged.
Your lungs strain for air!
The water elemental hits you!!
You die...

▓▓▓▓▓▓▓▓ ▓▓▓ <..#...####
##.# ...#......#####..#
..##...†...#..#..#
##.##.##...#..#..# #+#+#
##.##.###..##'#..#......
#.####.##..###..@E.⌠....
.###..##..####...#...###
#.....##..###....# ⌠.#
###†.##...##.....# .#
##..##....#......# #
#..###..##÷#.....# #..#
#.. ####....# ▓▓▓▓ ▓▓▓
▓▓▓▓▓▓


You could see a water elemental.

Vanquished Creatures
  A scorpion (D)
  A human (D)
  An endoplasm (D)
  3 rats (D)
6 creatures vanquished.

Notes
Turn   | Place    | Note
-------+----------+-------------------------------------------
     0 | D        | rocky1 the Minotaur Gladiator began the quest for the Orb.
     0 | D        | Reached XP level 1. HP: 18/18 MP: 0/0
    10 | D        | Reached skill level 4 in Axes
    33 | D        | Reached skill level 5 in Axes
    54 | D        | Noticed a scorpion
    62 | D        | Killed a scorpion
    63 | D        | Reached skill level 9 in Axes
    63 | D        | Reached XP level 2. HP: 25/25 MP: 1/1
    63 | D        | Reached XP level 3. HP: 30/30 MP: 2/2
    67 | D        | Reached skill level 10 in Axes
    67 | D        | Reached XP level 4. HP: 37/37 MP: 3/3
   348 | D        | Gained mutation: You are agile. (Dex +2) [potion of
                  | mutation]
   348 | D        | Gained mutation: Your natural rate of healing is unusually
                  | fast. [potion of mutation]
   353 | D        | Noticed a water elemental
   358 | D        | Slain by a water elemental

Illustrated notes

Levels and vault maps discovered:
D:        dungeon_sprint_mu [sprint_mu_entry_cave, sprint_mu_temple_rooms,
          sprint_mu_d1_horrors, sprint_mu_d2_genie, sprint_mu_d3_branching,
          sprint_mu_orc_legion, sprint_mu_elf_gauntlet, sprint_mu_hive_nellie,
          sprint_mu_lair_fedhas, sprint_mu_vaults_butterflies,
          sprint_mu_slime_circle, sprint_mu_swamp_cave, sprint_mu_shoals_archi,
          sprint_mu_blade_basic, sprint_mu_crypt_fortress,
          sprint_mu_tomb_spiral, sprint_mu_vestibule_basic,
          sprint_mu_gehenna_hellfire, sprint_mu_dis_giant,
          sprint_mu_tartarus_statrot, sprint_mu_cocytus_islands, sprint_mu_zot1]

Skill      XL: |  1  2  3 |
---------------+----------+-----
Axes           | 9 10 | 10.1
Armour         | 2 |  2.3
Fighting       | |  2.4
Throwing       | |  2.0
Dodging        | |  3.2

Action                   |  1- 3 |  4- 6 || total
-------------------------+-------+-------++-------
Melee: War axe           |    15 |     4 ||    19
       Headbutt          |     2 |       ||     2
  Use: Potion            |     1 |     2 ||     3
Armor: Leather armour    |     6 |       ||     6
Dodge: Dodged            |     4 |       ||     4
